AoeStats
← Iguano Pop

African Clearing

506259552Analyzed
2v2 RM · 21d ago on Sep 12, 2026· 35m 34s· 4 players
Game mode
Random Map
Map size
Medium (4 player)
Population
200
Speed
Normal
Resources
Standard
Victory
Conquest
Starting age
Dark Age
Ending age
Imperial Age
RankedLock teamsTeams togetherTeam positionsShared explorationLock speedFull tech treeHidden civsTurbo modeCheats
Victory
Defeat
🇲🇽 Magyars · Mexico
1326
+16
🇨🇦 Celts · Canada
1309
+17
🇪🇸 Khmer · Spain
1408
-20
🇺🇸 Ethiopians · United States
1240
-13
Steve the Ishvalan
6:55 Loom
12:05 Feudal Age
13:12 Double-Bit Axe
12:52 Man-at-Arms
19:00 Fletching
19:59 Padded Archer Armor
21:43 Wheelbarrow
25:40 Castle Age
24:23 Horse Collar
24:41 Gold Mining
27:11 Bow Saw
26:46 Pikeman
28:16 Bodkin Arrow
28:49 Scale Mail Armor
32:00 Gambesons
Iguano Pop
8:51 Loom
12:20 Feudal Age
13:03 Double-Bit Axe
13:06 Town Watch
20:35 Scale Barding Armor
23:23 Wheelbarrow
23:34 Wheelbarrow
25:57 Horse Collar
29:51 Castle Age
28:23 Bloodlines
29:00 Gold Mining
34:14 Husbandry
mEriEndo
6:49 Loom
14:09 Feudal Age
14:43 Double-Bit Axe
15:57 Gold Mining
17:53 Town Watch
19:08 Padded Archer Armor
19:30 Fletching
28:28 Castle Age
27:02 Scale Barding Armor
27:08 Forging
28:26 Horse Collar
29:49 Iron Casting
33:40 Wheelbarrow
32:58 Crossbowman
34:31 Husbandry
34:55 Stone Mining
Aspirante
8:51 Loom
11:53 Feudal Age
12:46 Double-Bit Axe
14:59 Forging
27:05 Castle Age
26:08 Scale Barding Armor
26:32 Gold Mining
28:27 Iron Casting
29:23 Husbandry
29:35 Bloodlines
32:13 Scale Mail Armor
33:34 Gold Shaft Mining
Connection lost

Rejoining the realm…

Still unreachable

The connection could not be restored.

Session expired

The server has moved on; the page needs a fresh start.